 Dungeon Crawl Stone Soup version 0.31-a0-473-g61b50ae490 (webtiles) character file.

Game seed: 10652313539205920194

284 motkurizz the Chopper (level 6, -5/53 HPs)
             Began as a Minotaur Gladiator on Aug 6, 2023.
             Killed from afar by a steam dragon (8 damage)
             ... with a ball of steam
             ... on level 4 of the Dungeon.
             The game lasted 00:06:00 (2668 turns).

motkurizz the Chopper (Minotaur Gladiator)          Turns: 2668, Time: 00:06:00

Health: -5/53      AC:  9    Str: 20    XL:     6   Next: 7%
Magic:  5/5        EV:  9    Int:  5    God:
Gold:   181        SH:  0    Dex: 12    Spells: 5/5 levels left

rFire   . . .        a - +0 war axe
rCold   . . .        (no shield)
rNeg    . . .        p - +0 chain mail
rPois   .            h - +1 hat
rElec   .            v - scarf {+Inv}
rCorr   .            (no gloves)
SInv    .            (no boots)
Will    .....        (no amulet) Stlth
                     (no ring)
HPRegen 0.28/turn    (no ring)
MPRegen 0.09/turn

%: no passive effects
@: no status effects
A: horns 2, retaliatory headbutt
a: Evoke Invisibility


You were on level 4 of the Dungeon.
You visited 1 branch of the dungeon, and saw 4 of its levels.

You collected 181 gold pieces.

Inventory:

Hand Weapons
 a - a +0 war axe (weapon)
 q - a +0 whip
 s - the +5 dagger of Ysirph {freeze, rPois}
   (You found it on level 3 of the Dungeon)

   rPois:     It protects you from poison.
Missiles
 d - 2 throwing nets (quivered)
 e - a javelin
 l - 10 stones
Armour
 h - a +1 hat (worn)
 p - a +0 chain mail (worn)
 v - a scarf of invisibility (worn)
Scrolls
 b - a scroll of poison {unknown}
 c - a scroll of vulnerability {unknown}
 i - a scroll of revelation {unknown}
 j - 2 scrolls of identify {unknown}
 m - a scroll of immolation {unknown}
 o - a scroll of fear {unknown}
Potions
 f - 2 potions of lignification {unknown}
 g - a potion of invisibility {unknown}
 k - 2 potions of enlightenment {unknown}
 n - 3 potions of curing {unknown}
 r - a potion of ambrosia {unknown}
 t - 3 potions of heal wounds {unknown}
 u - a potion of haste {unknown}
 w - a potion of berserk rage {unknown}


   Skills:
 + Level 4.5 Fighting
 * Level 6.8 Axes
 - Level 2.0 Throwing
 - Level 2.0 Armour
 - Level 3.3 Dodging


You had 5 spell levels left.
You didn't know any spells.
Your spell library was empty.

Dungeon Overview and Level Annotations

Branches:
Dungeon (4/15)
 Temple: D:4-7

Altars:

Annotations:
D:2 1 runed translucent door, Crazy Yiuf
D:3 exclusion: upstairs


Innate Abilities, Weirdness & Mutations

You have a pair of horns on your head.
You reflexively headbutt those who attack you in melee.


Message History

The steam dragon breathes steam at you. The ball of steam hits you.
You hit the steam dragon but do no damage.
Your punch misses the steam dragon.
The steam dragon is lightly wounded.
You are engulfed in a cloud of scalding steam.
The steam dragon barely misses you.
The steam dragon claws you but does no damage.
You barely miss the steam dragon.
The steam dragon is lightly wounded.
You are engulfed in a cloud of scalding steam.
The steam dragon breathes steam at you. The ball of steam hits you!!
* * * LOW HITPOINT WARNING * * *
A scorpion comes into view.
The steam dragon bites you but does no damage.
The steam dragon barely misses you.
Okay, then.
Okay, then.
You hit the steam dragon but do no damage.
Your headbutt misses the steam dragon.
The steam dragon is lightly wounded.
You are engulfed in a cloud of scalding steam.
* * * LOW HITPOINT WARNING * * *
The steam dragon completely misses you.
The steam dragon claws you but does no damage.
You hit the steam dragon.
The steam dragon is moderately wounded.
The steam dragon bites you.
* * * LOW HITPOINT WARNING * * *
The steam dragon claws you.
* * * LOW HITPOINT WARNING * * *
A kobold comes into view. It is wielding a +0 short sword.
Okay, then.
The kobold shouts!
You hit the steam dragon but do no damage.
The steam dragon is moderately wounded.
The steam dragon breathes steam at you. The ball of steam hits you!
You die...

#.........#...#
#......K..#####
#######.........#
#...............#
#...............#
#....†.§§§......#
#.......§§§.....#
#.......§§§.....+
#........@......#
#.......§D......#
#.......§.......#
#........s......#
#..............!#
#...............#
...............#
...........(..#


You could see a steam dragon (catching breath), a scorpion and a kobold.

Vanquished Creatures
  2 scorpions (D:3)
  Jessica (D:2)
  An iguana (D:4)
  An orc wizard (D:3)
  Robin (D:2)
  3 adders
  4 dart slugs
  4 orcs (D:3)
  2 bats (D:2)
  3 endoplasms
  6 goblins
  5 hobgoblins
  7 ball pythons
  2 kobolds (D:1)
  4 rats
46 creatures vanquished.

Notes
Turn   | Place    | Note
-------+----------+-------------------------------------------
     0 | D:1      | motkurizz the Minotaur Gladiator began the quest for the
                  | Orb.
     0 | D:1      | Reached XP level 1. HP: 18/18 MP: 0/0
   600 | D:1      | Reached skill level 4 in Axes
   600 | D:1      | Reached XP level 2. HP: 25/25 MP: 1/1
  1108 | D:2      | Reached skill level 1 in Armour
  1199 | D:2      | Reached XP level 3. HP: 30/31 MP: 2/2
  1236 | D:2      | Noticed Robin
  1280 | D:3      | Noticed a scorpion
  1290 | D:3      | Killed a scorpion
  1291 | D:3      | Reached skill level 5 in Axes
  1291 | D:3      | Reached XP level 4. HP: 35/38 MP: 3/3
  1487 | D:3      | Identified the +5 dagger of Ysirph {freeze, rPois}
  1502 | D:3      | Reached XP level 5. HP: 42/46 MP: 4/4
  1687 | D:2      | Killed Robin
  1688 | D:2      | Reached skill level 6 in Axes
  1766 | D:2      | Noticed Jessica
  1773 | D:2      | Killed Jessica
  1968 | D:2      | Found a runed translucent door.
  1969 | D:2      | Noticed Crazy Yiuf
  2639 | D:4      | Reached XP level 6. HP: 53/53 MP: 5/5
  2659 | D:4      | Noticed a steam dragon
  2667 | D:4      | HP: 2/53 [steam dragon (2)]
  2668 | D:4      | Killed from afar by a steam dragon

Illustrated notes

Levels and vault maps discovered:
D:1:      mrwooster_arrival_arrow, layout_loops_corners
D:2:      layout_basic, uniq_crazy_yiuf_cottage, uniq_robin, uniq_jessica
D:3:      layout_loops_ring
D:4:      layout_gridville, grunt_ministairs_1

Skill      XL: |  1  2  3  4  5 |
---------------+----------------+-----
Axes           | 4 5 6 |  6.8
Armour         | 1 2 |  2.0
Fighting       | 3 4 |  4.5
Throwing       | |  2.0
Dodging        | |  3.3

Action                     |  1- 3 |  4- 6 || total
---------------------------+-------+-------++-------
  Melee: War axe           |    14 |    39 ||    53
         Mace              |    24 |       ||    24
         Headbutt          |     2 |     9 ||    11
         Whip              |     2 |       ||     2
         Dagger            |       |    16 ||    16
  Throw: Stone             |     5 |       ||     5
         Throwing net      |     1 |     1 ||     2
         Javelin           |     1 |     1 ||     2
 Armour: Leather armour    |     9 |       ||     9
         Chain mail        |     5 |    17 ||    22
  Dodge: Dodged            |    18 |    22 ||    40

Table legend: (Time is in decaauts)
 A = Elapsed time spent in this place.
 B = Non-inter-level travel time spent in this place.
 C = Inter-level travel time spent in this place.
 D = Time resting spent in this place.
 E = Time spent auto-exploring this place.
 F = Levels seen in this place.
 G = Mean time per level.
                   A        B        C        D        E       F      G
               +--------+--------+--------+--------+--------+-----+--------+
         Total |   2691 |   2436 |    255 |     23 |   1932 |   4 |  672.8 |
       Dungeon |   2691 |   2436 |    255 |     23 |   1932 |   4 |  672.8 |
               +--------+--------+--------+--------+--------+-----+--------+

Top non-repeatable levels by time:
     D:2: 980 daAuts
     D:1: 918 daAuts
     D:3: 725 daAuts
     D:4: 67 daAuts
